 Dungeon Crawl Stone Soup version 0.30-a0-719-gcc4359ea44 (webtiles) character file.

Game seed: 4843692205344643847

179 M4edhros the Insei (level 5, 0/57 HPs)
             Began as an Octopode Transmuter on Jan 26, 2023.
             Succumbed to an adder's poison
             ... in a sewer.
             The game lasted 00:02:19 (1316 turns).

M4edhros the Insei (Octopode Transmuter)            Turns: 1316, Time: 00:02:19

Health: 0/57       AC: 22    Str:  9    XL:     5   Next: 59%
Magic:  8/8        EV:  2    Int: 16    God:
Gold:   112        SH:  0    Dex: 20    Spells: 7/8 levels left

rFire   + . .      SeeInvis .      - Unarmed
rCold   + . .      Faith    .    (no shield)
rNeg    . . .      Spirit   .    (helmet currently unavailable)
rPois   +          Reflect  .    (no amulet)
rElec   +          Harm     .    i - +6 ring of dexterity
rCorr   +          Rampage  .    (no ring)
Will    .....      NoTele   +    (no ring)
Stlth   ++                       (no ring)
HPRegen 0.29/turn                (no ring)
MPRegen 0.11/turn                (no ring)
                                 (no ring)
                                 (no ring)

@: mighty, lethally poisoned (0 -> -2), tree-form, resistant, attractive
A: stationary, stasis, torment immunity, boosted hp, almost no armour,
(amphibious), 8 rings, (camouflage 1), (gelatinous body 1), (nimble swimmer 1),
(tentacles), (poison resistance), robust 1
a: no special abilities


You were in a sewer.
You were a tree.
You visited 1 branch of the dungeon, and saw 4 of its levels.
You also visited: Sewer.

You collected 112 gold pieces.

Inventory:

Missiles
 f - 9 poisoned darts
Jewellery
 i - a +6 ring of dexterity (left branch)
Scrolls
 b - a scroll of blinking {unknown}
 c - a scroll of identify {unknown}
 h - a scroll of poison {unknown}


   Skills:
 + Level 2.6 Fighting
 + Level 3.2 Dodging
 * Level 4.8 Unarmed Combat
 - Level 2.0 Spellcasting
 - Level 2.0 Transmutations


You had 7 spell levels left.
You knew the following spells:

 Your Spells              Type           Power      Damage    Failure   Level
a - Beastly Appendage     Tmut           16%        N/A       9%          1

Your spell library contained the following spells:

 Spells                   Type           Power      Damage    Failure   Level
 Wereblood                Tmut           8%         N/A       14%         2
 Spider Form              Tmut/Pois      4%         N/A       38%         3
 Ice Form                 Ice/Tmut       4%         N/A       80%         4


Dungeon Overview and Level Annotations

Branches:
Dungeon (4/15)              Sewer (1/1)
 Temple: D:4-7

Altars:


Innate Abilities, Weirdness & Mutations

You are a tree.
Your roots penetrate the ground, keeping you stationary.
You cannot be teleported.
You are immune to unholy pain and torment.
Your maximum health is greatly increased.
You cannot wear most types of armour.
((You are amphibious.))
You can wear up to eight rings at the same time.
((Your skin changes colour to match your surroundings (Stealth+).))
((Your rubbery body absorbs attacks. (AC +1, EV +1)))
((You are camouflaged when in or above water. (Stealth+)))
((You have tentacles for arms and can constrict up to eight enemies at once.))
((Your system is resistant to poisons. (rPois)))
You are robust. (+10% HP)


Message History

You feel very sick.
The rat splashes around in the water.
Okay, then.
Unknown command.
Unknown command.
Unknown command.
Really quaff the potion of lignification?
You turn into a tree.
Your roots penetrate the ground.
* * * LOW HITPOINT WARNING * * *
You feel sick.
The rat splashes around in the water.
There is a lethal amount of poison in your body!
You hit the rat.
You kill the rat!
* * * LOW HITPOINT WARNING * * *
You feel sick.
You cannot move.
You cannot move.
It was a potion of mutation.
You feel extremely strange.
You feel a little pissed off.
You feel robust.
You feel resistant to poisons.
You feel a little more calm.
* * * LOW HITPOINT WARNING * * *
You feel sick.
It was a potion of attraction.
You feel attractive to monsters.
* * * LOW HITPOINT WARNING * * *
You feel sick.
It was a potion of might.
You feel very mighty all of a sudden.
* * * LOW HITPOINT WARNING * * *
You feel sick.
There is a lethal amount of poison in your body!
There is a lethal amount of poison in your body!
Unknown command.
Unknown command.
You aren't carrying any potions.
There is a lethal amount of poison in your body!
* * * LOW HITPOINT WARNING * * *
You feel sick.
Unknown command.
You die...

.....~~...≈≈≈≈≈≈≈≈#..#..#≈≈#
...~.~.≈≈≈≈≈≈≈≈≈≈≈#######≈≈#
~~~~≈≈≈≈≈≈≈≈≈≈≈≈≈≈#≈#≈#≈ ≈≈#
≈≈≈≈≈≈≈≈≈≈≈≈≈≈≈≈≈≈≈#≈#≈# ≈#
~≈≈≈≈≈≈≈≈≈≈≈≈≈≈≈≈≈#≈#≈# #
≈≈≈≈≈≈≈≈≈≈≈#≈#
.~~≈≈≈≈†≈≈#≈#≈#
..~~##≈†≈≈≈#≈#≈# ....
##†♣≈###### ........†~#
.........# #........+
##.......# ######..# ####


There were no monsters in sight!

Vanquished Creatures
  Jessica (D:3)
  A gnoll (D:4)
  6 adders
  4 river rats
  2 worms
  5 ball pythons
  4 endoplasms
  4 giant cockroaches
  2 goblins (D:3)
  5 hobgoblins
  A quokka (D:1)
  A bat (D:1)
  3 frilled lizards
  5 kobolds
  12 rats
56 creatures vanquished.

Vanquished Creatures (others)
  10 plants (D:1)
10 creatures vanquished.

Grand Total: 66 creatures vanquished

Notes
Turn   | Place    | Note
-------+----------+-------------------------------------------
     0 | D:1      | M4edhros the Octopode Transmuter began the quest for the
                  | Orb.
     0 | D:1      | Reached XP level 1. HP: 13/13 MP: 3/3
    77 | D:1      | Reached XP level 2. HP: 12/18 MP: 5/5
   379 | D:2      | Reached XP level 3. HP: 8/23 MP: 6/6
   673 | D:3      | Noticed Jessica
   676 | D:3      | Killed Jessica
   683 | D:3      | Reached skill level 4 in Unarmed Combat
   743 | D:3      | Reached XP level 4. HP: 29/29 MP: 7/7
  1075 | D:4      | Found a glowing drain.
  1102 | D:4      | Reached XP level 5. HP: 15/34 MP: 8/8
  1127 | Sewer    | Entered a sewer
  1312 | Sewer    | Gained mutation: You sometimes lose your temper in combat.
                  | [potion of mutation]
  1312 | Sewer    | Gained mutation: You are robust. (+10% HP) [potion of
                  | mutation]
  1312 | Sewer    | Gained mutation: Your system is resistant to poisons.
                  | (rPois) [potion of mutation]
  1312 | Sewer    | Lost mutation: You sometimes lose your temper in combat.
                  | [potion of mutation]
  1313 | Sewer    | HP: 2/57 [poisoned by an adder]
  1316 | Sewer    | Succumbed to an adder's poison

Illustrated notes

Levels and vault maps discovered:
D:1:      roderic_crop_circles_arrival_small, layout_loops_ring,
          minmay_pentomino_p2
D:2:      layout_basic, hellmonk_ecumenical_altar_pennies_from_heaven,
          minmay_goblin_outpost
D:3:      layout_loops_corners, bloody_makhleb, uniq_ijyb, uniq_jessica,
          uniq_grinder, uniq_natasha
D:4:      layout_rooms, gup_sewer_entry_bubbles, uniq_menkaure
Sewer:    sewer_minmay_treatment

Skill      XL: |  1  2  3  4 |
---------------+-------------+-----
Unarmed Combat | 4 |  4.8
Fighting       | 2 |  2.6
Dodging        | 3 |  3.2
Spellcasting   | |  2.0
Transmutations | |  2.0

Action                     |  1- 3 |  4- 6 || total
---------------------------+-------+-------++-------
  Melee: Unarmed           |    64 |    80 ||   144
         Constrict         |    17 |    19 ||    36
         Tentacles         |    15 |    15 ||    30
         Punch             |     2 |     4 ||     6
    Use: Potion            |       |     6 ||     6
   Stab: Sleeping          |     6 |     2 ||     8
 Armour: Skin              |     3 |    20 ||    23
  Dodge: Dodged            |    30 |    42 ||    72

Table legend: (Time is in decaauts)
 A = Elapsed time spent in this place.
 B = Non-inter-level travel time spent in this place.
 C = Inter-level travel time spent in this place.
 D = Time resting spent in this place.
 E = Time spent auto-exploring this place.
 F = Levels seen in this place.
 G = Mean time per level.
                   A        B        C        D        E       F      G
               +--------+--------+--------+--------+--------+-----+--------+
         Total |   1305 |   1198 |    107 |     22 |    781 |   5 |  261.0 |
       Dungeon |   1119 |   1012 |    107 |     22 |    660 |   4 |  279.8 |
         Sewer |    186 |    186 |      0 |      0 |    121 |   1 |  186.0 |
               +--------+--------+--------+--------+--------+-----+--------+

Top non-repeatable levels by time:
     D:2: 378 daAuts
     D:1: 292 daAuts
     D:3: 285 daAuts
   Sewer: 186 daAuts
     D:4: 163 daAuts
